 Dungeon Crawl Stone Soup version 0.30.0-29-ga12c61a403 (webtiles) character file.

Game seed: 3759049466057988973

114 qw the Chopper (level 4, -5/28 HPs)
             Began as a Gargoyle Fighter on June 3, 2023.
             Killed from afar by Sigmund (11 damage)
             ... with a puff of flame
             ... on level 3 of the Dungeon.
             The game lasted 00:01:55 (2698 turns).

qw the Chopper (Gargoyle Fighter)                   Turns: 2698, Time: 00:01:56

Health: -5/28      AC: 11    Str: 21    XL:     4   Next: 98%
Magic:  4/4        EV:  9    Int:  9    God:
Gold:   85         SH:  4    Dex:  9    Spells: 3/3 levels left

rFire   . . .        Y - +1 broad axe (protect)
rCold   . . .        c - +0 buckler
rNeg    + . .        b - +0 scale mail
rPois   inf          g - +0 helmet
rElec   +            (no cloak)
rCorr   .            (no gloves)
SInv    .            (no boots)
Will    .....        (no amulet) Stlth
                     (no ring)
HPRegen 0.24/turn    (no ring)
MPRegen 0.09/turn

%: no passive effects
@: no status effects
A: sickness immunity, AC +3, negative energy resistance 1, electricity
resistance, torment resistance 1, petrification resistance
a: no special abilities


You were on level 3 of the Dungeon.
You visited 1 branch of the dungeon, and saw 3 of its levels.

You collected 85 gold pieces.


Innate Abilities, Weirdness & Mutations

You are immune to sickness and miasma.
Your stone body is resilient. (AC +3)
You are immune to poison.
You resist negative energy. (rN+)
You are resistant to electric shocks. (rElec)
You are resistant to unholy torment.
You are immune to petrification.


   Skills:
 - Level 3.2 Fighting
 + Level 4.5 Axes
 - Level 3.2 Armour
 - Level 3.2 Shields


You had 3 spell levels left.
You didn't know any spells.
Your spell library was empty.

Inventory:

Hand Weapons
 m - a +0 whip
 Y - a +1 broad axe of protection (weapon)
Armour
 b - a +0 scale mail (worn)
 c - a +0 buckler (worn)
 g - a +0 helmet (worn)
Jewellery
 h - a ring of fire
 l - a ring of fire
Scrolls
 f - 2 scrolls of identify
 j - a scroll of teleportation
Potions
 a - a potion of haste
 d - a potion of might
 e - a potion of cancellation {unknown}
 i - a potion of heal wounds
 k - a potion of flight {unknown}

Dungeon Overview and Level Annotations

Branches:
Dungeon (3/15)

Altars:

Shops:
D:2 [

Annotations:
D:3 1 runed translucent door, Crazy Yiuf, Sigmund


Message History

Enter note:
Enter note:
Enter note:
Enter note:
Enter note:
Enter note: You slash Terence!
Your weapon exudes an aura of protection.
Terence is heavily wounded.
Sigmund the Dreaded comes into view.
He is wielding a +0 scythe.
Terence hits you but does no damage.
Sigmund shouts!
You slash Terence!
You kill Terence!
Sigmund mumbles some strange words.
Sigmund flickers and vanishes!
Deactivating autopickup; reactivate with Ctrl-A.
You swing at nothing.
You swing at nothing.
You swing at nothing.
You swing at nothing.
Something hits you but does no damage.
You swing at nothing.
Something hits you.
You swing at nothing.
Something hits you.
You swing at nothing.
Something hits you.
You swing at nothing.
Something hits you.
You swing at nothing.
Something hits you.
You swing at nothing.
A magic dart appears from out of thin air!
The magic dart hits you but does no damage.
You swing at nothing.
You hear some strange, mumbled words.
A puff of flame appears from out of thin air!
The puff of flame hits you!
You die...

### .# # .# #
.. # .#
##.######
##........
#..){.....
#.@#
#.#####..#
#........#
#######.##
#.# #.# #.#
#(###########
#...........#


There were no monsters in sight!

Vanquished Creatures
  Terence (D:3)
  2 adders
  2 dart slugs
  8 endoplasms
  3 giant cockroaches
  7 goblins
  A hobgoblin (D:3)
  8 jackals (D:1)
  6 kobolds
  3 quokkas
  9 ball pythons
  6 bats
  2 frilled lizards
  4 rats
62 creatures vanquished.

Notes
Turn   | Place    | Note
-------+----------+-------------------------------------------
     0 | D:1      | qw the Gargoyle Fighter began the quest for the Orb.
     0 | D:1      | Reached XP level 1. HP: 14/14 MP: 1/1
     0 | D:1      | 0 ||| qw: Version: 0.2-a-103-g5a998e5
     0 | D:1      | 0 ||| qw: Game counter: 1042
     0 | D:1      | 0 ||| qw: Always use a shield: true
     0 | D:1      | 0 ||| qw: God list: Okawaru
     0 | D:1      | 0 ||| qw: Allow faded altars: false
     0 | D:1      | 0 ||| qw: Do Orc after D:15 true
     0 | D:1      | 0 ||| qw: Do second Lair branch before Depths: true
     0 | D:1      | 0 ||| qw: Lair rune preference: random
     0 | D:1      | 0 ||| qw: Plans: Normal, Zot:1-4, Slime:5, God:TSO, Crypt,
                  | Tomb, Pan, Hells, Abyss, Win
     0 | D:1      | 0 ||| PLANNING D:1-11
    29 | D:1      | Reached skill level 2 in Axes
   125 | D:1      | Reached XP level 2. HP: 19/19 MP: 2/2
   280 | D:1      | 280 ||| Stepping ~*~*~tactically~*~*~ (stealth).
   431 | D:1      | Reached skill level 3 in Axes
   533 | D:1      | Reached XP level 3. HP: 19/23 MP: 3/3
   907 | D:1      | 907 ||| SWAPPING to +0 broad axe.
   908 | D:1      | 908 ||| DROPPING +0 war axe.
  1000 | D:1      | 1000 ||| DROPPING +0 club.
  1023 | D:1      | 1023 ||| Stepping ~*~*~tactically~*~*~ (hiding).
  1074 | D:1      | 1074 ||| Stepping ~*~*~tactically~*~*~ (stealth).
  1283 | D:1      | 1283 ||| UPGRADING to +0 helmet.
  1288 | D:1      | 1288 ||| READING 2 scrolls labelled LELODY KOLE.
  1289 | D:1      | 1289 ||| READING scroll labelled BAUCORREFUC.
  1294 | D:1      | 1294 ||| READING 3 scrolls labelled SAHOCZERIZAA.
  1295 | D:1      | 1295 ||| READING scroll labelled FOUMOIRUVI.
  1296 | D:1      | 1296 ||| READING 2 scrolls of identify.
  1296 | D:1      | 1296 ||| IDENTIFYING metallic amethyst potion
  1297 | D:1      | 1297 ||| DROPPING potion of magic.
  1298 | D:1      | 1298 ||| DROPPING scroll of magic mapping.
  1315 | D:2      | Found Mept's Antique Armour Shop.
  1325 | D:2      | 1325 ||| Stepping ~*~*~tactically~*~*~ (stealth).
  1333 | D:2      | 1333 ||| SHOPLISTING chain mail (112 gold, have 26).
  1333 | D:2      | 1333 ||| SHOPLISTING embroidered hat (175 gold, have 26).
  1333 | D:2      | 1333 ||| SHOPLISTING glowing ring mail (175 gold, have 26).
  1333 | D:2      | 1333 ||| SHOPLISTING pair of boots (112 gold, have 26).
  1333 | D:2      | 1333 ||| SHOPLISTING pair of glowing gloves (187 gold, have
                  | 26).
  1333 | D:2      | 1333 ||| SHOPLISTING shiny scale mail (175 gold, have 26).
  1497 | D:2      | Reached XP level 4. HP: 22/28 MP: 4/4
  2042 | D:2      | 2042 ||| READING scroll labelled XUSALE FAKKO.
  2043 | D:2      | 2043 ||| READING scroll labelled NEGIZA EFEDUMY.
  2044 | D:2      | 2044 ||| READING scroll labelled KOW LAVOU.
  2045 | D:2      | 2045 ||| DRINKING 2 brown potions.
  2049 | D:2      | 2049 ||| READING 3 scrolls of identify.
  2049 | D:2      | 2049 ||| IDENTIFYING sedimented silvery potion
  2050 | D:2      | 2050 ||| READING 2 scrolls of identify.
  2050 | D:2      | 2050 ||| IDENTIFYING orange potion
  2051 | D:2      | 2051 ||| DROPPING potion of ambrosia.
  2080 | D:3      | 2080 ||| Stepping ~*~*~tactically~*~*~ (hiding).
  2106 | D:3      | Reached skill level 4 in Axes
  2110 | D:3      | Found a faded altar of an unknown god.
  2162 | D:3      | Found a runed translucent door.
  2163 | D:3      | Noticed Crazy Yiuf
  2177 | D:3      | 2177 ||| Stepping ~*~*~tactically~*~*~ (hiding).
  2178 | D:3      | 2178 ||| Stepping ~*~*~tactically~*~*~ (hiding).
  2304 | D:3      | 2304 ||| Stepping ~*~*~tactically~*~*~ (hiding).
  2305 | D:3      | 2305 ||| Stepping ~*~*~tactically~*~*~ (hiding).
  2308 | D:3      | 2308 ||| Stepping ~*~*~tactically~*~*~ (hiding).
  2398 | D:3      | 2398 ||| Stepping ~*~*~tactically~*~*~ (stealth).
  2434 | D:3      | 2434 ||| Stepping ~*~*~tactically~*~*~ (stealth).
  2684 | D:3      | Noticed Terence
  2686 | D:3      | Noticed Sigmund
  2687 | D:3      | Killed Terence
  2695 | D:3      | HP: 7/28 [something (5)]
  2698 | D:3      | Killed from afar by Sigmund

Levels and vault maps discovered:
D:1:      minmay_arrival_loop, layout_loops_cross, minmay_hedge_maze,
          minivault_25, st_stairs_3, serial_bayou_lagoon_a
D:2:      layout_basic, serial_shops, nicolae_shop_statue_plus,
          kennysheep_generic_room_10
D:3:      layout_loops_ring, ebering_ecumenical_altar_webs, nicolae_titane,
          uniq_sigmund, uniq_terence, uniq_crazy_yiuf_cottage

Skill      XL: |  1  2  3  4 |
---------------+-------------+-----
Axes           | 2 3 4 |  4.5
Fighting       | |  3.2
Armour         | |  3.2
Shields        | |  3.2

Action                     |  1- 3 |  4- 6 || total
---------------------------+-------+-------++-------
  Melee: War axe           |    85 |       ||    85
         Broad axe         |    60 |    65 ||   125
    Use: Scroll            |     5 |     5 ||    10
         Potion            |       |     1 ||     1
 Armour: Scale mail        |    61 |    28 ||    89
  Dodge: Dodged            |    61 |    25 ||    86
  Block: Buckler           |    23 |    19 ||    42

Table legend:
 A = Non-vault XP
 B = Vault XP
 C = Vault XP percentage of total XP
 D = Non-vault monster count
 E = Vault monster count
 F = Vault count percentage of total count
                 A         B        C        D         E       F
            +---------+---------+-------+---------+---------+-------
      Total |     124 |      40 |  24.4 |      58 |       4 |   6.5
            +---------+---------+-------+---------+---------+-------
        D:1 |      51 |       4 |   7.3 |      28 |       3 |   9.7
        D:2 |      39 |       0 |   0.0 |      17 |       0 |   0.0
        D:3 |      34 |      36 |  51.4 |      13 |       1 |   7.1
            +---------+---------+-------+---------+---------+-------
